 Dungeon Crawl Stone Soup version 0.25-a0-603-g0321be95db (webtiles) character file.

Game seed: 8284338392096221555, levelgen mode: deterministic

2799 Notrik the Fighter (level 9, -6/81 HPs)
             Began as a Demonspawn Fighter on Mar 16, 2020.
             Was an Elder of Okawaru.
             Killed from afar by an electric eel (8 damage)
             ... with a bolt of electricity
             ... on level 8 of the Dungeon.
             The game lasted 00:16:20 (6636 turns).

Notrik the Fighter (Demonspawn Fighter)             Turns: 6636, Time: 00:16:21

Health: -6/81      AC: 17    Str: 19    XL:     9   Next: 43%
Magic:  0/9        EV:  4    Int: 11    God:    Okawaru [****..]
Gold:   535        SH: 22    Dex: 12    Spells: 8/8 levels left

rFire    . . .     SeeInvis .   H - +5 morningstar (curse)
rCold    . . .     Gourm    .   c - +1 kite shield
rNeg     . . .     Faith    .   i - +0 plate armour
rPois    +         Spirit   +   (no helmet)
rElec    .         Reflect  +   D - +2 cloak
rCorr    .         Harm     .   x - +0 pair of gloves
MR       .....                  y - +1 pair of boots
Stlth    ..........             g - +5 amulet of reflection
HPRegen  0.23/turn              F - ring of poison resistance
MPRegen  0.11/turn              (no ring)

@: no status effects
A: claws 1, large bone plates 2, spiny 2, magic shield
a: Heroism, Renounce Religion


You were on level 8 of the Dungeon.
You worshipped Okawaru.
Okawaru was greatly pleased with you.
You were not hungry.

You visited 1 branch of the dungeon, and saw 8 of its levels.

You collected 535 gold pieces.

Inventory:

Hand Weapons
 m - a +1 short sword of draining
   (You took it off a kobold on level 1 of the Dungeon)
 H - a cursed +5 morningstar (weapon)
   (You took it off a wight on level 7 of the Dungeon)
Armour
 c - a +1 kite shield (worn)
 i - a +0 plate armour (worn)
   (You took it off an orc warrior on level 5 of the Dungeon)
 x - a +0 pair of gloves (worn)
   (You found it on level 3 of the Dungeon)
 y - a +1 pair of boots (worn)
   (You found it on level 4 of the Dungeon)
 D - a +2 cloak (worn)
   (You found it on level 3 of the Dungeon)
Jewellery
 g - a +5 amulet of reflection (around neck)
   (You found it on level 5 of the Dungeon)
 C - an uncursed amulet of the gourmand {unknown}
   (You found it on level 6 of the Dungeon)
 F - a ring of poison resistance (left hand)
   (You found it on level 5 of the Dungeon)
Wands
 u - a wand of paralysis (14)
   (You found it on level 2 of the Dungeon)
 v - a wand of digging (4)
   (You took it off a gnoll on level 4 of the Dungeon)
 z - a wand of polymorph (7)
   (You found it on level 4 of the Dungeon)
Scrolls
 a - a scroll of vulnerability {unknown}
 j - 2 scrolls of magic mapping
 k - a scroll of enchant armour
 o - a scroll of noise {unknown}
 p - 4 scrolls of teleportation {@r4}
 q - a scroll of random uselessness {unknown}
 r - 2 scrolls of enchant weapon {unknown}
 t - 2 scrolls of remove curse {@r2}
 A - a scroll of fear {unknown}
 B - 2 scrolls of amnesia {unknown}
 G - a scroll of identify {@r1}
Potions
 d - 4 potions of might
 f - 9 potions of curing {@q1}
 h - 3 potions of haste {@q3}
 l - a potion of resistance {unknown}
 n - 2 potions of mutation {unknown}
 w - 2 potions of heal wounds {@q2}
 E - a potion of ambrosia {unknown}
Comestibles
 b - 4 chunks of flesh
 e - 17 rations {!d}


   Skills:
 * Level 11.0 Fighting
   Level 1.7 Long Blades
 - Level 2.6 Armour
 + Level 7.4 Shields


You had 8 spell levels left.
You didn't know any spells.
Your spell library was empty.

Dungeon Overview and Level Annotations

Branches:
Dungeon (8/15)             Temple (0/1) D:6            Lair (0/6) D:8

Altars:
Cheibriados
Dithmenos
Okawaru
Wu Jian


Innate Abilities, Weirdness & Mutations

You have sharp fingernails.
You are mostly covered in large bone plates. (SH +6)
You are mostly covered in sharp spines.
When hurt, damage is shared between your health and your magic reserves.


Message History

You butcher the wolf corpse.
b - 4 chunks of flesh (gained 3)
You see here a wolf skeleton. x2
There is an open door here.
You see here a hound skeleton.
The electric eel shoots out a bolt of lightning at you!
The bolt of electricity hits you!
The electric eel shoots out a bolt of lightning at you!
The bolt of electricity hits you!
The electric eel shoots out a bolt of lightning at you!
The bolt of electricity hits the electric eel.
The electric eel completely resists.
The bolt of electricity hits you.
You sock the electric eel!
Your plate armour prevents you from hitting the electric eel.
The electric eel shoots out a bolt of lightning at you!
The bolt of electricity hits you!
The electric eel shoots out a bolt of lightning at you!
The bolt of electricity hits you.
* * * LOW HITPOINT WARNING * * *
You are too injured to fight recklessly!
You closely miss the electric eel.
The electric eel shoots out a bolt of lightning at you!
The bolt of electricity hits you but does no damage.
Your shield and plate armour prevent you from hitting the electric eel.
The electric eel shoots out a bolt of lightning at you!
The bolt of electricity hits you.
* * * LOW HITPOINT WARNING * * *
The electric eel shoots out a bolt of lightning at you!
The bolt of electricity hits you!
* * * LOW HITPOINT WARNING * * *
You hit the electric eel.
You enter the shallow water.
Moving in this stuff is going to be slow.
The electric eel shoots out a bolt of lightning at you!
The bolt of electricity hits you!
* * * LOW HITPOINT WARNING * * *
The bolt of electricity hits you!
* * * LOW HITPOINT WARNING * * *
The electric eel shoots out a bolt of lightning at you!
The bolt of electricity hits you!
* * * LOW HITPOINT WARNING * * *
An electric eel comes into view.
The electric eel moves out of view.
The electric eel shoots out a bolt of lightning at you!
The bolt of electricity hits you.
* * * LOW HITPOINT WARNING * * *
The electric eel shoots out a bolt of lightning at you!
The bolt of electricity hits the electric eel.
The electric eel completely resists.
The bolt of electricity hits you!
You die...

####'###
#......#
#......#
#......#
#.÷÷...#
####......#
#.........#
#####.##......#
.........@....#
..≈.≈(.≈..$...#
≈≈≈≈≈..;......#
≈≈≈≈≈≈;≈......#
≈..≈≈≈≈≈.≈..<.+
.$≈..≈≈≈......#
≈...≈≈≈.≈≈..###
..>..≈≈≈≈.....
....≈≈≈≈.≈≈..##


You could see 2 electric eels.

Vanquished Creatures
  Menkaure (D:6)
  A water moccasin (D:6)
  2 orc warriors
  A sky beast (D:5)
  3 ogres
  A centaur (D:5)
  A necrophage (D:7)
  3 wolves
  2 bullfrogs
  3 scorpions
  9 wights (D:7)
  2 crimson imps
  A quasit (D:5)
  A gnoll shaman (D:7)
  A bullfrog skeleton (D:7)
  7 hounds
  2 orc wizards
  3 iguanas
  6 worker ants
  2 hound skeletons
  6 gnolls
  10 adders
  3 shadow imps
  An ooze (D:1)
  An adder zombie (D:6)
  5 worms
  A dart slug (D:3)
  6 leopard geckos
  23 orcs
  A ball python (D:2)
  5 giant cockroaches
  14 goblins
  12 hobgoblins
  4 jackals
  2 quokkas (D:3)
  6 bats
  3 frilled lizards
  13 kobolds
  7 rats
175 creatures vanquished.

Vanquished Creatures (others)
  A shadow imp (D:8)
1 creature vanquished.

Grand Total: 176 creatures vanquished

Notes
Turn   | Place    | Note
-------+----------+-------------------------------------------
     0 | D:1      | Notrik the Demonspawn Fighter began the quest for the Orb.
     0 | D:1      | Reached XP level 1. HP: 18/18 MP: 1/1
    54 | D:1      | Gained mutation: You are partially covered in sharp spines.
                  | [demonic ancestry]
    54 | D:1      | Reached XP level 2. HP: 18/24 MP: 2/2
   711 | D:1      | Gained mutation: When hurt, damage is shared between your
                  | health and your magic reserves. [demonic ancestry]
   711 | D:1      | Reached XP level 3. HP: 30/30 MP: 3/3
   816 | D:2      | Reached skill level 4 in Fighting
   864 | D:2      | Found a shadowy altar of Dithmenos.
  1648 | D:3      | Reached XP level 4. HP: 27/38 MP: 2/4
  1857 | D:3      | Found an iron altar of Okawaru.
  1891 | D:3      | Became a worshipper of Warmaster Okawaru
  2789 | D:3      | Reached skill level 5 in Fighting
  2793 | D:3      | Gained mutation: You are partially covered in large bone
                  | plates. (SH +4) [demonic ancestry]
  2793 | D:3      | Reached XP level 5. HP: 41/44 MP: 5/5
  3046 | D:4      | Reached * piety under Okawaru
  3336 | D:4      | Gained mutation: You are mostly covered in large bone
                  | plates. (SH +6) [demonic ancestry]
  3336 | D:4      | Reached XP level 6. HP: 52/52 MP: 4/6
  3435 | D:4      | Reached skill level 6 in Fighting
  3542 | D:5      | Entered Level 5 of the Dungeon
  3669 | D:5      | Noticed a sky beast
  3687 | D:5      | Killed a sky beast
  3687 | D:5      | Reached skill level 7 in Fighting
  3687 | D:5      | Gained mutation: You have sharp fingernails. [demonic
                  | ancestry]
  3687 | D:5      | Reached XP level 7. HP: 57/60 MP: 4/7
  3766 | D:5      | Reached skill level 5 in Shields
  3868 | D:5      | Found an ornate altar of the Wu Jian Council.
  3912 | D:5      | Reached ** piety under Okawaru
  3958 | D:5      | You fall into a shaft and drop 1 floor!
  3995 | D:6      | Reached skill level 8 in Fighting
  4020 | D:6      | Gained mutation: You are mostly covered in sharp spines.
                  | [demonic ancestry]
  4020 | D:6      | Reached XP level 8. HP: 42/68 MP: 4/8
  5039 | D:6      | Found a staircase to the Ecumenical Temple.
  5180 | D:6      | Noticed Menkaure
  5192 | D:6      | Killed Menkaure
  5192 | D:6      | Reached *** piety under Okawaru
  5192 | D:6      | Reached skill level 9 in Fighting
  5694 | D:7      | Reached skill level 10 in Fighting
  5859 | D:7      | Found a snail-covered altar of Cheibriados.
  5907 | D:7      | Reached XP level 9. HP: 70/78 MP: 7/9
  5954 | D:7      | Reached **** piety under Okawaru
  6385 | D:8      | Found a staircase to the Lair.
  6428 | D:7      | Reached skill level 11 in Fighting
  6635 | D:8      | HP: 2/81 [electric eel/bolt of electricity (5)]
  6636 | D:8      | Killed from afar by an electric eel

Levels and vault maps discovered:
D:1:      dpeg_chamrin_arrival_tetris, layout_basic, nrook_campfire,
          minmay_tromino_i2
D:2:      layout_basic, grunt_dithmenos_smoke_and_mirrors,
          hangedman_glass_teeth, grunt_ministairs_11
D:3:      minmay_chambers_of_twos, layout_basic, first_ration,
          mrwooster_statue_mirror, okawaru_ov_weapons_minmay
D:4:      layout_loops_cross, sigmund_army
D:5:      layout_loops_ring, lemuel_crystal_altar
D:6:      layout_cave_pools, minmay_temple_entry_junction, uniq_menkaure
D:7:      layout_basic, cheibriados_altar_1, nicolae_underground_beach
D:8:      hangedman_cross_veins, layout_basic,
          nicolae_overflow_quartered_altars, erik_lair_island, serial_shops,
          shop, hangedman_pestilent_swarm, jmf_multi_god_temple, uniq_erica,
          uniq_harold

Skill      XL: |  1  2  3  4  5  6  7  8  9 |
---------------+----------------------------+-----
Shields        | 3 4 5 6 7 |  7.4
Fighting       | 4 5 7 8 10 11 | 11.0
Long Blades    | |  1.7
Armour         | |  2.6

Action                   |  1- 3 |  4- 6 |  7- 9 || total
-------------------------+-------+-------+-------++-------
Melee: Long sword        |    38 |       |       ||    38
       Short sword       |    68 |   188 |   153 ||   409
       Hand axe          |       |       |    64 ||    64
       Unarmed           |       |       |    32 ||    32
       Morningstar       |       |       |    86 ||    86
  Use: Scroll            |       |     7 |     2 ||     9
  Eat: Chunk             |     2 |     7 |    10 ||    19
Armor: Scale mail        |    33 |    65 |    32 ||   130
       Plate armour      |       |       |    73 ||    73
       Skin              |       |       |     1 ||     1
Dodge: Dodged            |    22 |    38 |    57 ||   117
Block: Kite shield       |    45 |   147 |   391 ||   583
       Other             |       |       |     6 ||     6

Table legend:
 A = Non-vault XP
 B = Vault XP
 C = Vault XP percentage of total XP
 D = Non-vault monster count
 E = Vault monster count
 F = Vault count percentage of total count
                 A         B        C        D         E       F
            +---------+---------+-------+---------+---------+-------
      Total |    3343 |     656 |  16.4 |     156 |      20 |  11.4
            +---------+---------+-------+---------+---------+-------
        D:1 |      39 |       2 |   4.9 |      20 |       1 |   4.8
        D:2 |      46 |       2 |   4.2 |      22 |       2 |   8.3
        D:3 |     116 |      18 |  13.4 |      23 |       8 |  25.8
        D:4 |     342 |       4 |   1.2 |      11 |       2 |  15.4
        D:5 |     903 |       0 |   0.0 |      29 |       0 |   0.0
        D:6 |     408 |     169 |  29.3 |      13 |       1 |   7.1
        D:7 |    1446 |     116 |   7.4 |      36 |       1 |   2.7
        D:8 |      43 |     345 |  88.9 |       2 |       5 |  71.4
            +---------+---------+-------+---------+---------+-------
